 Dungeon Crawl Stone Soup version 0.29.1-12-g30fa7ad0bf (webtiles) character file.

Game seed: 15502922505347968613

10250 wormed the Nimble (level 11, -2/87 HPs)
             Began as a Gnoll Wanderer on Dec 27, 2022.
             Was a Believer of Vehumet.
             Killed from afar by a gargoyle (22 damage)
             ... with a stone arrow
             ... on level 10 of the Dungeon.
             The game lasted 00:41:36 (18145 turns).

wormed the Nimble (Gnoll Wanderer)                 Turns: 18145, Time: 00:41:38

Health: -2/87      AC:  7    Str: 10    XL:     11   Next: 59%
Magic:  21/21      EV: 19    Int: 13    God:    Vehumet [**....]
Gold:   223        SH:  0    Dex: 19    Spells: 17/24 levels left

rFire   . . .      SeeInvis +   b - +3 trident (freeze)
rCold   . . .      Faith    .   (no shield)
rNeg    . . .      Spirit   .   f - +0 leather armour
rPois   +          Reflect  .   (no helmet)
rElec   .          Harm     .   (no cloak)
rCorr   .          Rampage  .   a - +1 pair of gloves of Ubobison {Contam Regen+ Dex+3}
Will    .....                   g - +0 pair of boots
Stlth   ++++......              (no amulet)
HPRegen 1.04/turn               l - ring of see invisible
MPRegen 0.17/turn               s - ring of poison resistance

@: no status effects
A: fangs 1, strong nose, distributed training
a: Renounce Religion


You were on level 10 of the Dungeon.
You worshipped Vehumet.
Vehumet was pleased with you.
You visited 2 branches of the dungeon, and saw 11 of its levels.
You also visited: Sewer.

You collected 415 gold pieces.
You spent 192 gold pieces at shops.

Inventory:

Hand Weapons
 b - a +3 trident of freezing (weapon)
Missiles
 A - 6 curare-tipped darts
Armour
 a - the +1 pair of gloves of Ubobison (worn) {Contam Regen+ Dex+3}
   (You acquired it on level 9 of the Dungeon)

   Dex:       It affects your dexterity (+3).
   Contam:    It causes magical contamination when unequipped.
   Regen:     It increases your rate of health regeneration.
 f - a +0 leather armour (worn)
 g - a +0 pair of boots (worn)
Magical Staves
 u - a staff of cold
 D - a staff of air
Jewellery
 c - an amulet of guardian spirit
 l - a ring of see invisible (left hand)
 s - a ring of poison resistance (right hand)
 t - a ring of wizardry
Wands
 e - a wand of mindburst (6)
 k - a wand of iceblast (6)
 q - a wand of acid (8)
 x - a wand of polymorph (6)
 I - a wand of charming (6) (quivered)
Scrolls
 d - 6 scrolls of amnesia
 i - 2 scrolls of teleportation
 j - 4 scrolls of vulnerability
 n - 2 scrolls of blinking {unknown}
 p - 2 scrolls of torment {unknown}
 r - 2 scrolls of identify
 v - a scroll of immolation
 w - 3 scrolls of fear {unknown}
 y - a scroll of fog
 E - a scroll of noise
 F - a scroll of enchant weapon
 K - a scroll of enchant armour {unknown}
Potions
 h - 3 potions of berserk rage
 m - 3 potions of attraction
 o - 2 potions of might
 z - a potion of mutation
 B - a potion of ambrosia
 G - a potion of brilliance


   Skills:
 + Level 8.5 Fighting
 + Level 7.1 Short Blades
 + Level 7.1 Long Blades
 + Level 7.1 Axes
 + Level 7.1 Maces & Flails
 + Level 7.1 Polearms
 + Level 7.1 Staves
 + Level 7.1 Ranged Weapons
 + Level 7.1 Throwing
 + Level 7.1 Armour
 + Level 12.5 Dodging
 + Level 7.1 Stealth
 + Level 7.1 Shields
 + Level 7.1 Unarmed Combat
 + Level 7.1 Spellcasting
 + Level 5.9 Conjurations
 + Level 5.9 Hexes
 + Level 5.9 Summonings
 + Level 5.9 Necromancy
 + Level 5.9 Translocations
 + Level 5.9 Transmutations
 + Level 5.9 Fire Magic
 + Level 5.9 Ice Magic
 + Level 5.9 Air Magic
 + Level 5.9 Earth Magic
 + Level 5.9 Poison Magic
 + Level 7.8 Invocations
 + Level 9.8 Evocations


You had 17 spell levels left.
You knew the following spells:

 Your Spells              Type           Power      Damage    Failure   Level
a - Foxfire               Conj/Fire      80%        2x1d8     1%          1
b - Poisonous Vapours     Pois/Air       40%        N/A       2%          2
c - Olgreb's Toxic Radia  Pois           20%        N/A       17%         4

Your spell library contained the following spells:

 Spells                   Type           Power      Damage    Failure   Level
 Freeze                   Ice            80%        1d9       1%          1
 Apportation              Tloc           40%        N/A       1%          1
 Necrotise                Necr           80%        1d8       1%          1
 Sting                    Tmut/Pois      80%        1d7       1%          1
 Summon Small Mammal      Summ           80%        N/A       1%          1
 Static Discharge         Conj/Air       20%        3-6/arc   2%          2
 Gell's Gravitas          Tloc           20%        N/A       4%          3
 Lesser Beckoning         Tloc           20%        N/A       4%          3
 Portal Projectile        Hex/Tloc       40%        N/A       4%          3
 Teleport Other           Tloc           20%        N/A       4%          3
 Tukima's Dance           Hex            20%        N/A       4%          3
 Anguish                  Hex/Necr       10%        N/A       17%         4
 Cause Fear               Hex            10%        N/A       17%         4
 Dispel Undead            Necr           20%        3d11      17%         4
 Passage of Golubria      Tloc           20%        N/A       17%         4
 Sticky Flame             Conj/Fire      20%        2d4       17%         4
 Blade Hands              Tmut           10%        N/A       43%         5
 Silence                  Hex/Air        10%        N/A       43%         5
 Dragon Form              Tmut           10%        N/A       100%        7
 Enfeeble                 Hex            10%        N/A       100%        7
 Lehudib's Crystal Spear  Conj/Erth      10%        10d4      100%        8
 Dragon's Call            Summ           10%        N/A       100%        9


Dungeon Overview and Level Annotations

Branches:
Dungeon (10/15)            Temple (1/1) D:6             Orc (0/2) D:9
  Sewer (visited)
   Lair: D:8-11

Altars:
Ashenzari
Cheibriados
Dithmenos
Elyvilon
Fedhas
Gozag
Hepliaklqana
Kikubaaqudgha
Makhleb
Nemelex Xobeh
Okawaru
Qazlal
Ru
Sif Muna
Trog
Uskayaw
Vehumet
Wu Jian
Xom
Yredelemnul
Zin
The Shining One

Shops:
D:7 ?

Annotations:
D:8 exclusions: ice statue and oklob plant


Innate Abilities, Weirdness & Mutations

You have very sharp teeth.
Your uncanny sense of smell can sniff out nearby items.
Your experience applies equally to all skills.


Message History

You bite the gargoyle, but do no damage.
The gargoyle is moderately damaged.
The gargoyle hits you with a +0 mace.
You hit the gargoyle but do no damage.
The gargoyle is moderately damaged.
The gargoyle misses you.
You hit the gargoyle but do no damage.
The gargoyle is moderately damaged.
The gargoyle barely misses you.
You puncture the gargoyle! You freeze the gargoyle.
The gargoyle is almost destroyed.
The gargoyle hurls a stone arrow at you.
The stone arrow hits you!!
You hit the gargoyle but do no damage.
The gargoyle is almost destroyed.
The gargoyle hits you with a +0 mace!
* * * LOW HITPOINT WARNING * * *
Aiming: Charm
Press: ? - help, Q - select action, (/) - cycle Shift-Dir - straight line, f - gargoyle
Aim: a gargoyle, wielding a +0 mace (almost destroyed, chance to affect: 53%)
The gargoyle resists with significant effort.
The gargoyle hurls a stone arrow at you.
The stone arrow misses you.
Aiming: Charm
Press: ? - help, Q - select action, (/) - cycle Shift-Dir - straight line, f/p - gargoyle
Aim: a gargoyle, wielding a +0 mace (almost destroyed, chance to affect: 53%)
The gargoyle resists with significant effort.
The gargoyle closely misses you.
Aiming: Charm
Press: ? - help, Q - select action, (/) - cycle Shift-Dir - straight line, f/p - gargoyle
Aim: a gargoyle, wielding a +0 mace (almost destroyed, chance to affect: 53%)
The gargoyle resists with significant effort.
The gargoyle completely misses you.
Aiming: Charm
Press: ? - help, Q - select action, (/) - cycle Shift-Dir - straight line, f/p - gargoyle
Aim: a gargoyle, wielding a +0 mace (almost destroyed, chance to affect: 53%)
The gargoyle resists with significant effort.
The gargoyle hurls a stone arrow at you.
The stone arrow hits you!!
You die...

######### #........
#########.#######
................#
..###..#######.#
##.#.......####...
#.###....@9..>.#
#####.# #.##..####.#
#.....# #.##..# .#
#.#######.##..####.##
#†#..........)......#
#.#.....####..#.....#
#.#.....# #....####
.###.#.....# #.#..#
#### .....##...[#
#.#..###..


You could see a gargoyle.

Vanquished Creatures
  Pikel (D:6)
  Joseph (D:7)
  6 ice devils (D:8)
  2 trolls
  Prince Ribbit (D:9)
  A hornet (D:9)
  Grinder (D:6)
  A wyvern (D:9)
  6 yaks (D:9)
  A steam dragon (D:7)
  Menkaure (D:6)
  An acid dragon (D:8)
  2 water moccasins
  An orc warrior (D:9)
  2 ice beasts
  2 ogres
  2 sky beasts
  A wolf (D:10)
  2 centaurs (D:7)
  A phantom (D:5)
  4 lemures (D:6)
  A necrophage (D:7)
  3 bullfrogs
  5 scorpions
  4 wights (D:9)
  16 killer bees
  An electric eel (D:10)
  A lava snake (D:7)
  10 hounds
  4 jellies
  3 orc priests
  A gnoll bouda (D:7)
  4 iguanas
  Terence (D:2)
  A hell rat (Sewer)
  Natasha (thrice) (D:3)
  12 orc wizards
  10 gnolls
  12 adders
  2 river rats (D:3)
  A shadow imp (D:5)
  3 white imps
  7 ufetubi
  2 worms
  2 dart slugs
  15 orcs
  11 ball pythons
  6 endoplasms
  4 giant cockroaches
  7 goblins
  4 hobgoblins
  10 jackals
  5 kobolds
  5 quokkas
  7 bats
  4 frilled lizards
  34 rats
261 creatures vanquished.

Vanquished Creatures (collateral kills)
  4 wargs (D:9)
4 creatures vanquished.

Vanquished Creatures (others)
  230 foxfires
  12 toadstools (D:8)
242 creatures vanquished.

Grand Total: 507 creatures vanquished

Notes
Turn   | Place    | Note
-------+----------+-------------------------------------------
     0 | D:1      | Reached skill level 10 in Dodging
     0 | D:1      | wormed the Gnoll Wanderer began the quest for the Orb.
     0 | D:1      | wormed set off with the following items: a +0 dagger, 4
                  | throwing nets, a potion of curing, a wand of flame (6), a
                  | scroll of summoning, a +0 leather armour.
     0 | D:1      | Reached XP level 1. HP: 20/20 MP: 1/1
   331 | D:1      | Reached XP level 2. HP: 24/26 MP: 2/2
   987 | D:1      | Reached XP level 3. HP: 27/31 MP: 3/3
  1236 | D:2      | Reached skill level 1 in Invocations
  1250 | D:2      | Found a hide-covered altar of Uskayaw.
  1484 | D:2      | Found a faded altar of an unknown god.
  1522 | D:2      | Reached skill level 1 in Short Blades
  1522 | D:2      | Reached skill level 1 in Long Blades
  1522 | D:2      | Reached skill level 1 in Axes
  1522 | D:2      | Reached skill level 1 in Maces & Flails
  1522 | D:2      | Reached skill level 1 in Polearms
  1522 | D:2      | Reached skill level 1 in Staves
  1522 | D:2      | Reached skill level 1 in Ranged Weapons
  1522 | D:2      | Reached skill level 1 in Throwing
  1522 | D:2      | Reached skill level 1 in Armour
  1522 | D:2      | Reached skill level 1 in Stealth
  1522 | D:2      | Reached skill level 1 in Shields
  1522 | D:2      | Reached skill level 1 in Unarmed Combat
  1522 | D:2      | Reached skill level 1 in Spellcasting
  1687 | D:2      | Noticed Terence
  1700 | D:2      | Killed Terence
  1701 | D:2      | Reached XP level 4. HP: 38/38 MP: 5/5
  1828 | D:3      | Reached skill level 1 in Conjurations
  1828 | D:3      | Reached skill level 1 in Hexes
  1828 | D:3      | Reached skill level 1 in Summonings
  1828 | D:3      | Reached skill level 1 in Necromancy
  1828 | D:3      | Reached skill level 1 in Translocations
  1828 | D:3      | Reached skill level 1 in Transmutations
  1828 | D:3      | Reached skill level 1 in Fire Magic
  1828 | D:3      | Reached skill level 1 in Ice Magic
  1828 | D:3      | Reached skill level 1 in Air Magic
  1828 | D:3      | Reached skill level 1 in Earth Magic
  1828 | D:3      | Reached skill level 1 in Poison Magic
  1911 | D:3      | Found a glowing drain.
  2012 | Sewer    | Entered a sewer
  2076 | Sewer    | Reached XP level 5. HP: 32/43 MP: 7/7
  2996 | D:3      | Noticed an ogre
  3105 | D:2      | Killed an ogre
  3106 | D:2      | Reached skill level 5 in Fighting
  3106 | D:2      | Reached XP level 6. HP: 40/51 MP: 7/9
  3595 | D:3      | Noticed Natasha
  3619 | D:3      | Killed Natasha
  3975 | D:3      | Noticed Natasha
  4003 | D:3      | Killed Natasha
  4020 | D:3      | Noticed Natasha
  4027 | D:3      | HP: 2/51 [Natasha/puff of flame (6)]
  4418 | D:3      | Killed Natasha
  4726 | D:3      | Reached XP level 7. HP: 55/56 MP: 10/10
  6163 | D:5      | Entered Level 5 of the Dungeon
  6301 | D:5      | Reached XP level 8. HP: 33/63 MP: 12/12
  7101 | D:5      | Reached skill level 11 in Dodging
  7946 | D:6      | Noticed Menkaure
  7958 | D:6      | Reached skill level 5 in Short Blades
  7958 | D:6      | Reached skill level 5 in Long Blades
  7958 | D:6      | Reached skill level 5 in Axes
  7958 | D:6      | Reached skill level 5 in Maces & Flails
  7958 | D:6      | Reached skill level 5 in Polearms
  7958 | D:6      | Reached skill level 5 in Staves
  7958 | D:6      | Reached skill level 5 in Ranged Weapons
  7958 | D:6      | Reached skill level 5 in Throwing
  7958 | D:6      | Reached skill level 5 in Armour
  7958 | D:6      | Reached skill level 5 in Stealth
  7958 | D:6      | Reached skill level 5 in Shields
  7958 | D:6      | Reached skill level 5 in Unarmed Combat
  7958 | D:6      | Reached skill level 5 in Spellcasting
  7959 | D:6      | Reached XP level 9. HP: 17/72 MP: 13/17
  7960 | D:6      | Killed Menkaure
  8474 | D:6      | Found a staircase to the Ecumenical Temple.
  8846 | Temple   | Entered the Ecumenical Temple
  8846 | Temple   | Found a transporter.
  8846 | Temple   | Found a transporter.
  8848 | Temple   | Found a transporter.
  8848 | Temple   | Found a transporter.
  8886 | Temple   | Became a worshipper of Vehumet
  9056 | D:6      | Learned a level 2 spell: Poisonous Vapours
  9061 | D:6      | Learned a level 4 spell: Olgreb's Toxic Radiance
  9130 | D:6      | Noticed Pikel
  9373 | D:6      | Noticed Grinder
  9389 | D:6      | Killed Pikel
  9390 | D:6      | Reached skill level 12 in Dodging
  9390 | D:6      | Reached skill level 5 in Conjurations
  9390 | D:6      | Reached skill level 5 in Hexes
  9390 | D:6      | Reached skill level 5 in Summonings
  9390 | D:6      | Reached skill level 5 in Necromancy
  9390 | D:6      | Reached skill level 5 in Translocations
  9390 | D:6      | Reached skill level 5 in Transmutations
  9390 | D:6      | Reached skill level 5 in Fire Magic
  9390 | D:6      | Reached skill level 5 in Ice Magic
  9390 | D:6      | Reached skill level 5 in Air Magic
  9390 | D:6      | Reached skill level 5 in Earth Magic
  9390 | D:6      | Reached skill level 5 in Poison Magic
  9390 | D:6      | Reached XP level 10. HP: 80/80 MP: 11/19
  9392 | D:6      | Killed Grinder
  9502 | D:6      | Found a glowing silver altar of Zin.
 10529 | D:7      | Noticed Joseph
 10557 | D:7      | HP: 1/80 [Joseph/sling bullet (14)]
 10559 | D:7      | Killed Joseph
 10907 | D:7      | Found a broken altar of Ashenzari.
 10924 | D:7      | Found Zoubleeth's Magic Scroll Emporium.
 11276 | D:7      | Found an ancient bone altar of Kikubaaqudgha.
 11278 | D:7      | Found a shadowy altar of Dithmenos.
 11601 | D:7      | Reached * piety under Vehumet
 11601 | D:7      | Offered knowledge of Foxfire by Vehumet.
 11991 | D:7      | Bought a scroll of identify for 24 gold pieces
 11991 | D:7      | Bought a scroll of identify for 24 gold pieces
 11991 | D:7      | Bought a scroll of noise for 12 gold pieces
 11991 | D:7      | Bought a scroll of identify for 24 gold pieces
 11991 | D:7      | Bought a scroll of teleportation for 36 gold pieces
 11991 | D:7      | Bought a scroll of identify for 24 gold pieces
 11991 | D:7      | Bought a scroll of amnesia for 48 gold pieces
 12525 | D:8      | Noticed an ice statue
 13060 | D:8      | Found a blossoming altar of Fedhas.
 13087 | D:8      | Noticed an oklob plant
 13425 | D:8      | Reached XP level 11. HP: 86/86 MP: 20/20
 13482 | D:8      | Learned a level 1 spell: Foxfire
 14481 | D:9      | Offered knowledge of Freeze by Vehumet.
 14490 | D:9      | Reached ** piety under Vehumet
 15572 | D:9      | Found a staircase to the Orcish Mines.
 15986 | D:9      | Noticed Prince Ribbit
 15999 | D:9      | Killed Prince Ribbit
 16360 | D:9      | Identified a scroll of acquirement
 16360 | D:9      | Acquired the +1 pair of gloves of Ubobison {Contam Regen+
                  | Dex+3}
 16364 | D:9      | HP: 3/84 [warg (5)]
 17683 | D:10     | Entered Level 10 of the Dungeon
 17878 | D:10     | Noticed a two-headed ogre
 18145 | D:10     | Killed from afar by a gargoyle

Illustrated notes

Levels and vault maps discovered:
D:1:      dpeg_arrival_short_road, layout_basic, chequers_jeans
D:2:      layout_loops_ring, basic_altar, ebering_ecumenical_altar_mist,
          patterned_corridor, uniq_terence
D:3:      layout_loops_cross, portal_sewer_entry_c, minmay_rat_hole,
          uniq_natasha
D:4:      layout_cave_pools
D:5:      layout_basic, nrook_pool_corridor, chequers_garden, minmay_checkerbox
D:6:      layout_basic, zin_academy, temple_pool_b, uniq_grinder, uniq_pikel,
          uniq_menkaure
D:7:      minmay_evil_eye, layout_loops_corners, jmf_multi_god_temple,
          mainiacjoe_overflow_tiny_flanked, serial_shops,
          nicolae_shop_behind_doors, kennysheep_another_room,
          kennysheep_generic_room_13, uniq_joseph
D:8:      cheibrodos_frozen_isle, layout_gridville, tgw_fedhas
D:9:      layout_loops_corners, minmay_orc_entry_guard_dogs, uniq_prince_ribbit1
D:10:     layout_loops_ring, erik_lair_island, serial_co_window_serial,
          co_window_corner_a, co_window_paths_a, co_window_corner_a,
          co_window_of_opportunity_a, co_window_corner_a, co_window_cross_3,
          co_window_broadway_b, co_window_2corner, co_window_cross_3,
          co_window_corner_cb, glass_columns_c, glass_columns_a, glass_columns_c
Temple:   hellmonk_temple_divided_pantheon

Skill      XL: |  1  2  3  4  5  6  7  8  9 10 11 |
---------------+----------------------------------+-----
Dodging        | 11 12 | 12.5
Invocations    | 1 2 3 6 7 |  7.8
Short Blades   | 1 2 3 5 6 7 |  7.1
Long Blades    | 1 2 3 5 6 7 |  7.1
Axes           | 1 2 3 5 6 7 |  7.1
Maces & Flails | 1 2 3 5 6 7 |  7.1
Polearms       | 1 2 3 5 6 7 |  7.1
Staves         | 1 2 3 5 6 7 |  7.1
Ranged Weapons | 1 2 3 5 6 7 |  7.1
Throwing       | 1 2 3 5 6 7 |  7.1
Armour         | 1 2 3 5 6 7 |  7.1
Stealth        | 1 2 3 5 6 7 |  7.1
Shields        | 1 2 3 5 6 7 |  7.1
Unarmed Combat | 1 2 3 5 6 7 |  7.1
Spellcasting   | 1 2 3 5 6 7 |  7.1
Conjurations   | 1 2 4 5 |  5.9
Hexes          | 1 2 4 5 |  5.9
Summonings     | 1 2 4 5 |  5.9
Necromancy     | 1 2 4 5 |  5.9
Translocations | 1 2 4 5 |  5.9
Transmutations | 1 2 4 5 |  5.9
Fire Magic     | 1 2 4 5 |  5.9
Ice Magic      | 1 2 4 5 |  5.9
Air Magic      | 1 2 4 5 |  5.9
Earth Magic    | 1 2 4 5 |  5.9
Poison Magic   | 1 2 4 5 |  5.9
Fighting       | 5 7 8 |  8.5
Evocations     | 7 8 9 |  9.8

Action                   |  1- 3 |  4- 6 |  7- 9 | 10-12 || total
-------------------------+-------+-------+-------+-------++-------
Melee: Dagger            |   156 |   179 |   307 |   197 ||   839
       Bite              |    14 |    20 |    39 |    37 ||   110
       Punch             |       |     3 |    12 |    23 ||    38
       Trident           |       |       |       |    78 ||    78
Throw: Throwing net      |       |     3 |       |     1 ||     4
       Dart              |       |       |       |    14 ||    14
 Cast: Poisonous Vapours |       |       |     8 |    41 ||    49
       Olgreb's Toxic Ra |       |       |     1 |    18 ||    19
       Foxfire           |       |       |       |   130 ||   130
Evoke: Wand              |       |     6 |     5 |    46 ||    57
  Use: Scroll            |       |       |     6 |    12 ||    18
       Potion            |       |       |     3 |     4 ||     7
 Stab: Sleeping          |     5 |     4 |     4 |    10 ||    23
Armor: Leather armour    |    46 |    26 |    39 |    42 ||   153
Dodge: Dodged            |   148 |   140 |   205 |   280 ||   773
